 Dungeon Crawl Stone Soup version 0.31-a0-271-gb88eb75e06 (webtiles) character file.

Game seed: 2313267628872698558

158 cforsyth the Changeling (level 6, -3/48 HPs)
             Began as a Meteoran Shapeshifter on July 14, 2023.
             Slain by a black bear (5 damage)
             ... on level 4 of the Dungeon.
             The game lasted 00:04:35 (1011 turns).

cforsyth the Changeling (Meteoran Shapeshifter)     Turns: 1011, Time: 00:04:35

Health: -3/48      AC:  2    Str: 19      XL:     6   Next: 0%
Magic:  7/7        EV: 12    Int:  7 (9)  God:
Gold:   120        SH:  0    Dex: 15      Spells: 5/5 levels left

rFire   . .          .
                       - Unarmed
rCold   . . .        (no shield)
rNeg    . . .        a - +0 animal skin
rPois   .            (helmet currently unavailable)
rElec   .            (cloak currently unavailable)
rCorr   .            (gloves currently unavailable)
SInv    .            (boots currently unavailable)
Will    .....        (no amulet)
Stlth   +            (no ring)
HPRegen 0.28/turn    (no ring)
MPRegen 0.10/turn

%: no passive effects
@: mighty, beast-form, glowing
A: beast (slay +3), sense surroundings 1, otherworldly, glowing, explore regen
a: Begin Untransformation


You were on level 4 of the Dungeon.
You were a hulking beast.
You visited 1 branch of the dungeon, and saw 4 of its levels.

You collected 120 gold pieces.

Inventory:

Hand Weapons
 j - the +1 short sword "Kojit" {elec, Will++ Str+6 Dex-5}
   (You found it on level 2 of the Dungeon)

   Str:       It affects your strength (+6).
   Dex:       It affects your dexterity (-5).
   Will:      It greatly increases your willpower.
Armour
 a - a +0 animal skin (worn)
Talismans
 c - a beast talisman
Wands
 b - a wand of flame (16)
Scrolls
 d - 2 scrolls of identify {unknown}
 e - a scroll of enchant weapon {unknown}
 f - 2 scrolls of fog {unknown}
 h - a scroll of teleportation {unknown}
 i - 2 scrolls of blinking {unknown}
 k - 2 scrolls of fear {unknown}
 l - a scroll of enchant armour {unknown}
Potions
 g - a potion of invisibility {unknown}
 m - a potion of might
 n - a potion of mutation {unknown}


   Skills:
 - Level 2.1 Fighting
 - Level 2.4 Dodging
 + Level 4.9 Unarmed Combat
 + Level 5.1 Shapeshifting


You had 5 spell levels left.
You didn't know any spells.
Your spell library contained the following spells:

 Spells                   Type           Power      Damage    Failure   Level
 Ozocubu's Armour         Ice            0%         N/A       80%         3
 Ozocubu's Refrigeration  Ice            0%         4d7       100%        7


Dungeon Overview and Level Annotations

Branches:
Dungeon (4/15) Zot: 1396
 Temple: D:4-7

Altars:


Innate Abilities, Weirdness & Mutations

You are a hulking beast.
Your limbs bulge with bestial killing power. (Slay +3)
You passively map a small area around you.
You are easily found by Zot.
You glow in the dark.
You regain HP and MP as you explore.


Message History

The hobgoblin closely misses you.
You hit the hobgoblin but do no damage.
The hobgoblin is almost dead.
You hit the hobgoblin but do no damage.
The hobgoblin is almost dead.
The hobgoblin closely misses you.
You punch the hobgoblin!
You kill the hobgoblin!
You have reached level 6!
You feel stronger.
You see here a giant cockroach corpse.
You hit the black bear.
The black bear is moderately wounded.
The black bear barely misses you. The black bear claws you.
The black bear barely misses you.
You punch the black bear!
The black bear is heavily wounded.
The black bear bites you.
* * * LOW HITPOINT WARNING * * *
The black bear claws you.
* * * LOW HITPOINT WARNING * * *
The black bear claws you.
* * * LOW HITPOINT WARNING * * *
You closely miss the black bear.
The black bear is heavily wounded.
The black bear bites you.
* * * LOW HITPOINT WARNING * * *
The black bear barely misses you. The black bear claws you.
* * * LOW HITPOINT WARNING * * *
You hit the black bear.
The black bear is heavily wounded.
The black bear bites you.
* * * LOW HITPOINT WARNING * * *
The black bear claws you.
* * * LOW HITPOINT WARNING * * *
The black bear barely misses you.
It was a potion of might.
You feel very mighty all of a sudden. The black bear bites you.
You die...

#..~~≈≈≈≈~~..###.#.#
, ..~~~≈≈≈≈P...# #.#
P.~~P≈~≈....## #.#
≈~≈~≈≈~~...)# *,#.#
, ~≈≈≈≈~P...#.# *
#.# ~≈≈≈.≈~~~.##.#
#.# ≈~~≈.~...##.#
#.#### ≈P.~....###.#
,#....#
~~~P..#hh†..# ####.#
~....######.# #.#
....# #.# #.# ,
,..#. .# #.# . . *
.# * * #<# g , ..* ,
~ #.# *,, * * .. ,,
#.# , .. #.# , ~##.#


You could see a black bear.

Vanquished Creatures
  A hound (D:4)
  2 orc priests (D:3)
  A dart slug (D:1)
  9 orcs (D:3)
  4 bats
  4 endoplasms
  3 giant cockroaches
  3 goblins
  7 hobgoblins
  4 jackals (D:1)
  5 kobolds
  A quokka (D:3)
  5 ball pythons
  2 frilled lizards
  5 rats
56 creatures vanquished.

Notes
Turn   | Place    | Note
-------+----------+-------------------------------------------
     0 | D:1      | cforsyth the Meteoran Shapeshifter began the quest for the
                  | Orb.
     0 | D:1      | Reached XP level 1. HP: 17/17 MP: 2/2
    70 | D:1      | Reached XP level 2. HP: 24/24 MP: 3/3
   157 | D:1      | Reached skill level 4 in Shapeshifting
   196 | D:1      | Reached XP level 3. HP: 29/29 MP: 4/4
   595 | D:3      | Reached XP level 4. HP: 26/36 MP: 5/5
   597 | D:3      | Reached XP level 5. HP: 30/41 MP: 6/6
   647 | D:2      | Identified the +1 short sword "Kojit" {elec, Will++ Str+6
                  | Dex-5}
   901 | D:3      | Reached skill level 5 in Shapeshifting
   986 | D:4      | Noticed a black bear
  1005 | D:4      | Reached XP level 6. HP: 20/48 MP: 7/7
  1010 | D:4      | HP: 2/48 [black bear (1)]
  1011 | D:4      | Slain by a black bear

Illustrated notes

Levels and vault maps discovered:
D:1:      dpeg_arrival_brainrot, layout_basic, nicolae_twisty_statue_hallways
D:2:      layout_loops_ring, minmay_hexomino_p4
D:3:      layout_rooms, nzn_wu_jian_council_hall, chequers_serial_rivers_micro_a
D:4:      layout_basic, kennysheep_mini, lemuel_zombie_altar_kikubaaqudgha,
          vehumet_crystals, chequers_big_river

Skill      XL: |  1  2  3  4  5 |
---------------+----------------+-----
Unarmed Combat | 3 4 |  4.9
Shapeshifting  | 4 5 |  5.1
Fighting       | |  2.1
Dodging        | |  2.4

Action                     |  1- 3 |  4- 6 || total
---------------------------+-------+-------++-------
  Melee: Unarmed           |    70 |    63 ||   133
         Punch             |     4 |     5 ||     9
    Use: Potion            |     3 |     1 ||     4
 Armour: Animal skin       |    21 |     6 ||    27
         Skin              |    41 |    28 ||    69
  Dodge: Dodged            |    47 |    32 ||    79

Table legend: (Time is in decaauts)
 A = Elapsed time spent in this place.
 B = Non-inter-level travel time spent in this place.
 C = Inter-level travel time spent in this place.
 D = Time resting spent in this place.
 E = Time spent auto-exploring this place.
 F = Levels seen in this place.
 G = Mean time per level.
                   A        B        C        D        E       F      G
               +--------+--------+--------+--------+--------+-----+--------+
         Total |   1002 |    929 |     73 |      0 |      0 |   4 |  250.5 |
       Dungeon |   1002 |    929 |     73 |      0 |      0 |   4 |  250.5 |
               +--------+--------+--------+--------+--------+-----+--------+

Top non-repeatable levels by time:
     D:1: 397 daAuts
     D:3: 298 daAuts
     D:2: 214 daAuts
     D:4: 92 daAuts
